Map: Ulrena

Players

Wing - Winner!

  • Race: Zerg Zerg
  • League: Silver
  • Spawn Location: 11:00

zidar

  • Race: Zerg Zerg
  • League: Silver
  • Spawn Location: 7:00

VOD

Have the link to the VOD?

Description

Time

  • Played on: Jan. 15, 2016, 8:50 a.m.
  • Length: 10:45
Show
View Real Time Build Order
Export as new Build Order

Wing Zerg - Winner!

Build Orders: Pool First 

Get SALT Encoding   

  12  0:01  Drone  
  13  0:08  Drone  
  14  0:17  Overlord  
  14  0:35  Drone  
  14  0:36  Drone x2  
  17  0:46  Spawning Pool  
  17  0:49  Drone  
  17  0:53  Extractor  
  16  1:01  Drone  
  17  1:13  Drone  
  18  1:22  Drone  
  19  1:35  Hatchery, Zergling x2  
  19  1:38  Queen  
  21  1:46  Overlord  
  21  1:54  Spine Crawler  
  21  2:00  Zergling x2  
  21  2:03  Zergling x2  
  22  2:23  Metabolic Boost  
  22  2:28  Drone  
  22  2:29  Drone  
  24  2:30  Baneling Nest  
  23  2:52  Extractor  
  23  2:53  Queen  
  23  2:54  Drone  
  25  3:03  Zergling x2  
  25  3:05  Zergling x8  
  29  3:06  Zergling x2  
  29  3:09  Zergling x2  
  32  3:29  Baneling  
  32  3:30  Baneling  
  30  3:42  Queen, Zergling x6  
  35  4:01  Baneling x2  
  35  4:02  Overlord  
  34  4:10  Roach Warren, Drone  
  34  4:16  Baneling  
  34  4:17  Baneling  
  34  4:20  Queen  
  25  5:21  Roach x5  
  30  5:22  Roach  
  36  5:33  Lair  
  36  5:37  Roach x3  
  42  5:48  Drone x2  
  44  5:50  Overlord x2  
  42  6:14  Drone x2  
  42  6:15  Drone  
  45  6:20  Roach x3  
  45  6:22  Drone  
  45  6:24  Overlord  
  52  6:31  Evolution Chamber  
  51  6:34  Drone  
  52  6:48  Spire  
  52  6:52  Drone  
  52  6:53  Drone  
  53  6:57  Drone x2  
  53  6:58  Roach  
  57  7:26  Glial Reconstitution  
  57  7:31  Drone x2  
  57  7:32  Drone  
  57  7:33  Overlord x2  
  57  7:34  Overlord x2  
  60  7:39  Zerg Missile Weapons Level 1  
  60  8:03  Roach x6  
  60  8:04  Roach  
  74  8:07  Mutalisk  
  74  8:11  Mutalisk  
  78  8:34  Mutalisk x2  
  78  8:37  Mutalisk  
  78  8:41  Extractor, Drone x2  
  85  9:00  Mutalisk  
  87  9:09  Drone  
  89  9:10  Drone x2  
  89  9:13  Overlord  
  89  9:14  Overlord x2  
  86  10:01  Mutalisk x4  
  86  10:02  Mutalisk  
Show
View Real Time Build Order
Export as new Build Order

zidar Zerg 

Build Orders: Pool First, Ravager All-In 

Get SALT Encoding   

  12  0:01  Drone  
  13  0:11  Drone  
  14  0:16  Extractor, Drone  
  14  0:23  Extractor, Drone  
  15  0:37  Overlord  
  15  0:47  Spawning Pool  
  14  0:59  Drone x2  
  16  1:33  Queen  
  16  1:36  Zergling x4  
  16  1:37  Zergling x2, Metabolic Boost  
  21  2:00  Zergling x2  
  21  2:01  Overlord  
  22  2:16  Roach Warren  
  21  2:28  Extractor  
  21  2:29  Drone x2  
  22  2:35  Drone  
  23  2:49  Zergling x4  
  23  2:50  Zergling x2  
  26  3:03  Roach  
  27  3:44  Roach  
  29  3:48  Overlord  
  25  4:04  Hatchery  
  25  4:08  Roach  
  25  4:09  Roach x3  
  32  4:13  Hatchery  
  31  4:27  Roach x2  
  35  4:34  Ravager  
  35  4:37  Ravager  
  32  4:51  Ravager x3  
  32  5:00  Roach  
  32  5:01  Roach x2  
  29  5:26  Roach x3  
  35  5:38  Ravager x3  
  35  5:40  Ravager  
  35  6:13  Roach  
  35  6:14  Roach x4  
  45  6:29  Queen  
  47  6:44  Drone x3  
  50  6:54  Overlord  
  50  7:16  Drone x3  
  50  7:17  Drone x2  
  55  7:29  Lair  
  57  8:05  Roach  
  57  8:08  Overlord x2  
  57  8:23  Evolution Chamber  
  57  8:25  Evolution Chamber  
  55  8:28  Spire  
  54  8:35  Drone x4  
  54  8:36  Drone x4  
  62  8:50  Extractor  
  62  8:51  Extractor  
  45  9:39  Mutalisk x6  
  45  9:40  Mutalisk  
  42  9:51  Mutalisk  
Tags
 
Matchup
ZvZ
Race
Zerg
Spawn Locations
Close Positions
Add a new tag
Caveats
  • Supply blocks, unpowered buildings, or Contaminate may cause inaccurate times.
  • Supply counts are checked every 10 seconds.